 Seeded DCSS version 0.30.1 (webtiles) character file.

Game seed: 6351066067085065685 (custom seed)

978 Esekla the Grave Robber (level 7, -3/36 HPs)
             Began as a Deep Elf Necromancer on July 5, 2023.
             Was a Priest of Vehumet.
             Slain by a two-headed ogre
             ... wielding a +0 giant spiked club
              (31 damage)
             ... on level 9 of the Dungeon.
             The game lasted 00:25:20 (4359 turns).

Esekla the Grave Robber (Deep Elf Necromancer)      Turns: 4359, Time: 00:25:20

Health: -3/36      AC:  4    Str:  5    XL:     7   Next: 95%
Magic:  2/18       EV: 14    Int: 22    God:    Vehumet [***...]
Gold:   332        SH:  0    Dex: 18    Spells: 9/18 levels left

rFire   . . .        a - +5 rapier of the Hero {heavy, rN+ Dex+3}
rCold   . . .        (no shield)
rNeg    + . .        f - +0 robe
rPois   .            w - +0 helmet
rElec   .            (no cloak)
rCorr   .            j - +0 pair of gloves
SInv    .            (no boots)
Will    .....        D - amulet of magic regeneration
Stlth   +++          (no ring)
HPRegen 0.26/turn    (no ring)
MPRegen 0.56/turn

%: no passive effects
@: very slightly contaminated
A: no striking features
a: Renounce Religion


You were on level 9 of the Dungeon.
You worshipped Vehumet.
Vehumet was most pleased with you.
You visited 1 branch of the dungeon, and saw 7 of its levels.

You collected 332 gold pieces.

Inventory:

Hand Weapons
 a - the +5 rapier of the Hero (weapon) {heavy, rN+ Dex+3}
   (You found it on level 3 of the Dungeon)

   Dex:       It affects your dexterity (+3).
   rN:        It protects you from negative energy.
 r - a +0 trident
 s - a +2 vampiric dagger
Missiles
 q - 7 poisoned darts (quivered)
 A - a throwing net
Armour
 f - a +0 robe (worn)
 j - a +0 pair of gloves (worn)
 w - a +0 helmet (worn)
Jewellery
 D - an amulet of magic regeneration (around neck)
Wands
 m - a wand of roots (16)
 B - a wand of flame (15)
Scrolls
 c - 5 scrolls of identify {unknown}
 e - 3 scrolls of fear {unknown}
 k - a scroll of immolation {unknown}
 l - 2 scrolls of blinking {unknown}
 o - 2 scrolls of fog {unknown}
 t - 2 scrolls of amnesia {unknown}
 u - 3 scrolls of enchant weapon {unknown}
 x - a scroll of summoning {unknown}
 y - a scroll of silence {unknown}
 z - a scroll of enchant armour {unknown}
 C - a scroll of magic mapping {unknown}
 F - a scroll of teleportation {unknown}
Potions
 b - a potion of magic
 d - a potion of ambrosia {unknown}
 g - 2 potions of attraction {unknown}
 h - 2 potions of heal wounds {unknown}
 i - 5 potions of curing {unknown}
 n - a potion of haste {unknown}
 p - 3 potions of brilliance {unknown}
 v - a potion of mutation {unknown}
 E - 2 potions of lignification {unknown}


   Skills:
 + Level 2.2 Short Blades
 + Level 1.0 Throwing
 * Level 4.6 Dodging
 + Level 4.7 Stealth
 * Level 6.4 Spellcasting
 * Level 2.4 Conjurations
 * Level 7.2 Necromancy
 * Level 2.8 Translocations


You had 9 spell levels left.
You knew the following spells:

 Your Spells              Type           Power      Damage    Failure   Level
b - Necrotise             Necr           100%       1d9       1%          1
d - Vampiric Draining     Necr           38%        2d8       1%          3
e - Searing Ray           Conj           34%        2d5       1%          2
t - Teleport Other        Tloc           19%        N/A       9%          3

Your spell library contained the following spells:

 Spells                   Type           Power      Damage    Failure   Level
 Dazzling Flash           Conj/Hex       24%        N/A       4%          3
 Lesser Beckoning         Tloc           38%        N/A       4%          2
 Animate Dead             Necr           38%        N/A       4%          4
 Gell's Gravitas          Tloc           19%        N/A       9%          3
 Agony                    Necr           38%        N/A       13%         5
 Spider Form              Tmut/Pois      7%         N/A       26%         3
 Cause Fear               Hex            3%         N/A       65%         4
 Summon Mana Viper        Hex/Summ       7%         N/A       94%         5


Dungeon Overview and Level Annotations

Branches:
Dungeon (9/15)
 Temple: D:4-7         Lair: D:8-11         Orc: D:9-12

Altars:
Dithmenos
Hepliaklqana
Nemelex Xobeh
Okawaru
Qazlal
Trog
Vehumet
Zin
The Shining One

Shops:
D:2 =   D:4 (


Message History

Aiming: Teleport Other (dangerous; 9% risk of failure)
Press: ? - help, Shift-Dir - straight line, f/p - two-headed ogre
Aim: a two-headed ogre, wielding a +0 giant spiked club and a +0 giant club (chance to affect: 41%)
The two-headed ogre resists with some effort.
Casting: Teleport Other (dangerous; 9% risk of failure)
Confirm with . or Enter, or press ? or * to list all spells.
Aiming: Teleport Other (dangerous; 9% risk of failure)
Press: ? - help, Shift-Dir - straight line, f/p - two-headed ogre
Aim: a two-headed ogre, wielding a +0 giant spiked club and a +0 giant club (chance to affect: 41%)
The two-headed ogre resists with some effort.
You barely miss the two-headed ogre. The two-headed ogre closely misses you.
The two-headed ogre hits you with a +0 giant club!
Casting: Teleport Other (dangerous; 9% risk of failure)
Confirm with . or Enter, or press ? or * to list all spells.
Aiming: Vampiric Draining (safe; 1% risk of failure)
Press: ? - help, Shift-Dir - straight line, f/p - two-headed ogre
Aim: a two-headed ogre, wielding a +0 giant spiked club and a +0 giant club You draw life force from the two-headed ogre!
You feel life coursing into your body. The two-headed ogre misses you.
The two-headed ogre hits you with a +0 giant club!
Casting: Vampiric Draining (safe; 1% risk of failure)
Confirm with . or Enter, or press ? or * to list all spells.
Aiming: Vampiric Draining (safe; 1% risk of failure)
Press: ? - help, Shift-Dir - straight line, f/p - two-headed ogre
Aim: a two-headed ogre, wielding a +0 giant spiked club and a +0 giant club (lightly wounded)
You draw life force from the two-headed ogre!
You feel life coursing into your body.
Casting: Vampiric Draining (safe; 1% risk of failure)
Confirm with . or Enter, or press ? or * to list all spells.
Aiming: Vampiric Draining (safe; 1% risk of failure)
Press: ? - help, Shift-Dir - straight line, f/p - two-headed ogre
Aim: a two-headed ogre, wielding a +0 giant spiked club and a +0 giant club (moderately wounded)
You draw life force from the two-headed ogre!
You feel life coursing into your body!
The two-headed ogre hits you with a +0 giant spiked club.
The two-headed ogre barely misses you.
The two-headed ogre attacks as you move away!
The two-headed ogre hits you with a +0 giant spiked club!!
Ouch! That really hurt!
You die...

..# #.# #.# #######.#
........# ........#
#.......################
#.....O@................
#...####................
# #.........#######
#...#####.#..)...
#...#...#.#......
#...#...'.'......
#...#...#)#......
#...#...#.#......
#...#...#.######.


You could see a two-headed ogre.

Vanquished Creatures
  An ice beast (D:6)
  A black bear (D:2)
  An ogre (D:5)
  2 scorpions (D:5)
  A gnoll bouda (D:3)
  4 hounds
  A sleepcap (D:5)
  5 iguanas
  11 gnolls
  9 adders
  2 white imps
  A worm (D:4)
  3 dart slugs
  11 orcs
  6 ball pythons
  4 bats
  4 endoplasms
  8 goblins
  5 hobgoblins
  A quokka (D:1)
  4 frilled lizards
  5 kobolds
  A rat (D:2)
91 creatures vanquished.

Notes
Turn   | Place    | Note
-------+----------+-------------------------------------------
     0 | D:1      | Esekla the Deep Elf Necromancer began the quest for the
                  | Orb.
     0 | D:1      | Reached XP level 1. HP: 10/10 MP: 6/6
   140 | D:1      | Reached skill level 5 in Necromancy
   221 | D:1      | Reached XP level 2. HP: 15/15 MP: 8/8
   407 | D:4      | Found a radiant altar of Vehumet.
   411 | D:4      | Became a worshipper of Vehumet
   590 | D:5      | Entered Level 5 of the Dungeon
   821 | D:3      | Identified the +5 rapier of the Hero {heavy, rN+ Dex+3}
   902 | D:2      | Found Renulab's Jewellery Shop.
   942 | D:2      | Reached XP level 3. HP: 19/19 MP: 9/9
   956 | D:2      | Learned a level 3 spell: Vampiric Draining
  1037 | D:1      | Reached * piety under Vehumet
  1037 | D:1      | Offered knowledge of Foxfire by Vehumet.
  1108 | D:1      | Reached XP level 4. HP: 20/24 MP: 5/11
  1262 | D:1      | Learned a level 3 spell: Teleport Other
  1353 | D:2      | Found a faded altar of an unknown god.
  1559 | D:2      | Noticed a black bear
  1794 | D:2      | Killed a black bear
  1795 | D:2      | Reached skill level 1 in Short Blades
  1795 | D:2      | Reached skill level 1 in Translocations
  1795 | D:2      | Reached XP level 5. HP: 28/28 MP: 13/13
  2219 | D:3      | Found a stormy altar of Qazlal.
  2236 | D:3      | Found a hazy altar of Hepliaklqana.
  2236 | D:3      | Found a bloodstained altar of Trog.
  2245 | D:3      | Reached skill level 6 in Necromancy
  2416 | D:4      | Found Ponaysk's Antique Weapon Boutique.
  2519 | D:4      | Reached XP level 6. HP: 31/32 MP: 3/14
  2621 | D:4      | Reached ** piety under Vehumet
  2655 | D:4      | Offered knowledge of Searing Ray by Vehumet.
  2690 | D:4      | Found a glowing silver altar of Zin.
  2709 | D:4      | Found a glowing golden altar of the Shining One.
  2794 | D:4      | Reached skill level 5 in Spellcasting
  2797 | D:4      | Learned a level 2 spell: Searing Ray
  2859 | D:4      | Found an iron altar of Okawaru.
  3270 | D:5      | Reached skill level 1 in Conjurations
  3354 | D:5      | Reached XP level 7. HP: 36/36 MP: 17/17
  3371 | D:5      | Got the Parchment of the Lumpy Olives
  3387 | D:5      | Found a shadowy altar of Dithmenos.
  3555 | D:5      | Offered knowledge of Dazzling Flash by Vehumet.
  3614 | D:5      | Reached skill level 1 in Throwing
  3614 | D:5      | Reached skill level 7 in Necromancy
  4184 | D:6      | Reached *** piety under Vehumet
  4270 | D:6      | You fall into a shaft and drop 3 floors!
  4311 | D:9      | Found a sparkling altar of Nemelex Xobeh.
  4349 | D:9      | Noticed a two-headed ogre
  4359 | D:9      | Slain by a two-headed ogre

Illustrated notes

Levels and vault maps discovered:
D:1:      sevenhm_arrival_forest_fort_small_3, layout_rooms,
          chequers_serial_rivers_room_b, minmay_misc_feat_five
D:2:      layout_loops_ring, dreamdust_ecumenical_altar_angels_and_demons,
          serial_shops, shop
D:3:      layout_basic, grunt_temple_overflow_open, minmay_misc_feat_iff
D:4:      layout_basic, nicolae_overflow_quartered_altars, serial_shops,
          nicolae_diamond_shop
D:5:      layout_loops_ring, lemuel_doored_altar, minmay_misc_feat_rows,
          dreamdust_wishing_well
D:6:      layout_loops_cross, fedhas_altar_fruit_tree,
          minmay_temple_entry_glass, uniq_pikel, uniq_blork_the_orc
D:9:      layout_irregular_city, kennysheep_little_box, enter_bailey_4,
          minmay_between, uniq_harold

Skill      XL: |  1  2  3  4  5  6  7 |
---------------+----------------------+-----
Necromancy     | 5 6 7 |  7.2
Dodging        | 3 4 |  4.6
Stealth        | 3 4 |  4.7
Spellcasting   | 4 5 6 |  6.4
Short Blades   | 1 2 |  2.2
Translocations | 1 2 |  2.8
Conjurations   | 1 2 |  2.4
Throwing       | 1 |  1.0

Action                     |  1- 3 |  4- 6 |  7- 9 || total
---------------------------+-------+-------+-------++-------
  Melee: Unarmed           |     9 |       |       ||     9
         Dagger            |    38 |       |       ||    38
         Short sword       |     6 |       |       ||     6
         Punch             |     1 |     2 |       ||     3
         Rapier            |    14 |    58 |    38 ||   110
  Throw: Dart              |       |    15 |     3 ||    18
   Cast: Necrotise         |     4 |       |       ||     4
         Vampiric Draining |     2 |    23 |    17 ||    42
         Teleport Other    |       |       |     3 ||     3
   Stab: Sleeping          |     6 |     7 |     3 ||    16
         Distracted        |     2 |       |       ||     2
 Armour: Robe              |     6 |    15 |     5 ||    26
  Dodge: Dodged            |    37 |    62 |    38 ||   137
